AoeStats
← saschauli

Arabia

509865587Analyzed
1v1 RM · 5d ago on Sep 28, 2026· 51m 56s· 2 players
Game mode
Random Map
Map size
Tiny (2 player)
Population
200
Speed
Normal
Resources
Standard
Victory
Conquest
Starting age
Dark Age
Ending age
Imperial Age
RankedLock teamsTeams togetherTeam positionsShared explorationLock speedFull tech treeHidden civsTurbo modeCheats
Victory
Defeat
🇪🇸 Khmer · Spain
1005
+15
🇩🇪 Celts · Germany
985
-15
saschauli
11:20 Feudal Age
11:22 Man-at-Arms
13:34 Forging
13:25 Scale Mail Armor
20:32 Castle Age
20:01 Horse Collar
20:09 Double-Bit Axe
20:53 Pikeman
22:08 Loom
34:45 Gold Mining
35:15 Fletching
36:18 Gold Shaft Mining
35:52 Heavy Plow
42:19 Chain Mail Armor
43:17 Iron Casting
46:54 Bow Saw
47:28 Stone Mining
49:55 Bodkin Arrow
Selphirion
8:32 Loom
10:56 Feudal Age
14:17 Castle Age
12:54 Double-Bit Axe
17:00 Bow Saw
18:22 Scale Barding Armor
21:32 Forging
23:01 Horse Collar
25:56 Chain Barding Armor
25:43 Gold Mining
30:20 Iron Casting
30:17 Bloodlines
30:08 Husbandry
31:25 Heavy Plow
35:11 Stone Mining
36:57 Fletching
37:08 Padded Archer Armor
41:35 Bodkin Arrow
44:46 Imperial Age
45:29 Double Crossbow
45:34 Cavalier
48:39 Plate Barding Armor
49:35 Murder Holes
50:01 Ballistics
50:45 Chemistry
52:19 Blast Furnace
51:21 Bracer
Connection lost

Rejoining the realm…

Still unreachable

The connection could not be restored.

Session expired

The server has moved on; the page needs a fresh start.